Croesus, chaotic female elven Priestess --- -#..| |...| ---- ---- .--.|.| --- ---...--%.- .....|.---.-- -............ --%-- ....--|......-- |..........%.. --.@.| ....-----.-...| ---..........- .--.h.-- .....-- |.....-- ---..... ..-- .......| .....- ---....--|..*..- ... ....... ..^... |.......|.----- .<. ..>.%. ..... |.........| ... ..... ... ----.....-| ...G --.....| --....| G ---.-- --- Croesus the Acolyte Experience level: 5 Strength: 25 Dexterity: 11 Constitution: 13 Intelligence: 10 Wisdom: 18 Charisma: 13 Health: 0(38) Energy: 93(93) Def: 4 Gold: 126 Moves: 1099 Dungeon seed: eCP9uzN56infNhmy Game ID: Croesus_1572079858 Your Inventory: Coins $ - 126 gold pieces Weapons a - a blessed +1 mace (alternate weapon; not wielded) Armor e - a +0 robe (being worn) n - a +0 small shield (being worn) q - a +0 pair of gauntlets of power (being worn) Comestibles c - a clove of garlic d - a sprig of wolfsbane Scrolls j - a scroll of amnesia Spellbooks f - a spellbook of cure blindness g - a spellbook of light k - a spellbook of light Potions b - 4 potions of holy water Wands i - a wand of cancellation (0:4) Tools h - a wooden flute l - a partly used tallow candle (lit) (0:58) m - a +0 pick-axe (weapon in hand) o - a lock pick Spells and supernatural/magical abilities: Name Level Category Fail Memory l - light 1 divination 0% 95% B - cure blindness 2 healing 46% 95% W - pray for help -- divine ? -- X - turn undead -- divine ? -- Your skills at the end: Fighting Skills Weapon Skills mace [Basic] Spellcasting Skills clerical spells [Basic] Final Attributes: You were piously aligned. You were sleep resistant. You had infravision. You are dead. Vanquished creatures: a gnome lord a gnomish wizard 3 dwarves 2 coyotes a hobbit 13 gnomes a gnome zombie 2 jackals a kobold a sewer rat 4 grid bugs a lichen 4 newts 35 creatures vanquished. Voluntary challenges: You used a wielded weapon 36 times, starting on turn 32. You read items or engraved 13 times, starting on turn 554. You never genocided any monsters. You never polymorphed an object. You never changed form. You used no wishes. You never split a pudding. You wrote Elbereth's name 12 times, starting on turn 950. You never violated your personal moral code. Dungeon overview: The Dungeons of Doom: levels 1 to 3 Level 1 an altar to Anhur, a fountain a long staircase Level 2 an altar to Ptah, a fountain stairs to The Gnomish Mines Level 3 The Gnomish Mines: levels 3 to 5 Level 3 stairs to The Dungeons of Doom Level 4 <- You were here Level 5 History has recorded: On T:1 you entered the Dungeons of Doom to retrieve the Amulet of Yendor! On T:348 you reached level 2 of The Dungeons of Doom. On T:381 you reached level 1 of The Gnomish Mines. On T:514 you reached level 3 of The Dungeons of Doom. On T:589 you advanced to experience level 2. On T:759 you advanced to experience level 3. On T:785 you advanced to experience level 4. On T:947 you reached level 2 of The Gnomish Mines. On T:1031 you reached level 3 of The Gnomish Mines. On T:1093 you advanced to experience level 5. Score breakdown: Gold: 126 ( 7156 points) Experience: 5 levels (11141 points) Exploration: 5 levels ( 9.80%) ( 8485 points) Discoveries: 1 item ( 0.35%) ( 1773 points) Valuables value: (no points given unless you survive) Artifact value: 0 ( 0 points) Variety of kills: 13 monsters ( 3.41%) ( 5541 points) Turncount: 1099 turns ( 0 points) Survival: died (score multiplied by 80%) Total score: 27276 Latest messages: You add to the writing in the dust with your fingers. The gnome king throws a dagger! You are almost hit by a dagger. You start digging. You hit the rock with all your might. You stop digging. Your candle is getting short. You kill the gnome! You write in the dust with your fingers. The dwarf throws a dart! You are hit by a dart. You add to the writing in the dust with your fingers. (3x) You kill the dwarf! Welcome to experience level 5. You add to the writing in the dust with your fingers. (2x) The dwarf wields a broad pick! The gnome turns to flee! You kill the gnome! You add to the writing in the dust with your fingers. The dwarf turns to flee! The gnome turns to flee! You kill the gnome! You miss the dwarf. The dwarf swings her broad pick. The dwarf hits! You die... Final status: Goodbye Croesus the Priestess, killed by a dwarf... You died in The Gnomish Mines on dungeon level 4 with 27276 points, and 126 pieces of gold, after 1099 moves. You were level 5 with a maximum of 38 hit points when you died.